 Dungeon Crawl Stone Soup version 0.28-a0-1524-ge72afd5fc6 (webtiles) character file.

Game seed: 15392808621478073734

409 Shayle the Covert (level 6, -6/41 HPs)
             Began as a Vampire Air Elementalist on Jan 17, 2022.
             Mangled by a mummy (9 damage)
             ... in an ossuary.
             The game lasted 00:16:12 (5397 turns).

Shayle the Covert (Vampire Air Elementalist)        Turns: 5397, Time: 00:16:12

Health: -6/41      AC:  2    Str:  7    XL:     6   Next: 58%
Magic:  10/10      EV: 13    Int: 20    God:
Gold:   156        SH:  0    Dex: 20    Spells: 3/10 levels left

rFire   . . .      SeeInvis +   i - +1 whip (flame)
rCold   . . .      Faith    .   (no shield)
rNeg    . . .      Spirit   .   a - +0 robe
rPois   .          Reflect  .   (no helmet)
rElec   .          Harm     .   (no cloak)
rCorr   +          Rampage  .   (no gloves)
Will    .....                   (no boots)
Stlth   ++++......              (no amulet)
HPRegen 0.33/turn               g - +6 ring of dexterity
MPRegen 0.12/turn               h - ring of resist corrosion

@: healing quickly
A: alive, fangs 3, see invisible, vampiric 2
a: Exsanguinate


You were in an ossuary.
You visited 1 branch of the dungeon, and saw 5 of its levels.
You also visited: Ossuary.

You collected 156 gold pieces.

Inventory:

Hand Weapons
 i - a +1 whip of flaming (weapon)
Missiles
 e - 11 poisoned darts
Armour
 a - a +0 robe (worn)
Jewellery
 c - a ring of flight
 g - a +6 ring of dexterity (left hand)
 h - a ring of resist corrosion (right hand)
 q - a ring of positive energy
 t - a ring of ice
Wands
 n - a wand of polymorph (11)
 u - a wand of paralysis (1)
Scrolls
 b - a scroll of enchant weapon {unknown}
 f - a scroll of fog {unknown}
 j - a scroll of magic mapping {unknown}
 l - 2 scrolls of fear {unknown}
 m - a scroll of blinking {unknown}
 p - 2 scrolls of immolation {unknown}
 s - a scroll of brand weapon {unknown}
 v - a scroll of vulnerability {unknown}
Potions
 d - a potion of cancellation
 k - a potion of haste
 o - a potion of berserk rage {unknown}
 r - a potion of magic {unknown}


   Skills:
 - Level 2.1 Dodging
 - Level 9.0 Stealth
 + Level 2.9 Spellcasting
 + Level 1.7 Conjurations
 + Level 3.8 Air Magic


You had 3 spell levels left.
You knew the following spells:

 Your Spells              Type           Power      Damage    Failure   Level
a - Shock                 Conj/Air       56%        1d6       4%          1
b - Static Discharge      Conj/Air       14%        N/A       7%          2
c - Airstrike             Air            9%         N/A       28%         4

Your spell library contained the following spells:

 Spells                   Type           Power      Damage    Failure   Level
 Swiftness                Air            18%        N/A       9%          3
 Sticky Flame             Conj/Fire      6%         2d3       69%         4
 Dispel Undead            Necr           2%         3d7       82%         4


Dungeon Overview and Level Annotations

Branches:
Dungeon (5/15)            Ossuary (1/1)
 Temple: D:4-7

Altars:
Qazlal
Sif Muna

Annotations:
D:4 2 runed translucent doors


Innate Abilities, Weirdness & Mutations

Your natural rate of healing is accelerated.
You have razor-sharp teeth.
You have supernaturally acute eyesight. (SInv)
You are afflicted with vampirism and can become a bat while bloodless.


Message History

You strike the helpless hobgoblin zombie from behind!
You hit the hobgoblin zombie. You burn the hobgoblin zombie.
You destroy the hobgoblin zombie!
You hit the hobgoblin zombie. You burn the hobgoblin zombie.
The hobgoblin zombie is moderately damaged.
The hobgoblin zombie barely misses you.
You hit the hobgoblin zombie. You burn the hobgoblin zombie.
The hobgoblin zombie is severely damaged.
You hit the hobgoblin zombie. You burn the hobgoblin zombie.
You destroy the hobgoblin zombie! 2 mummies and an orc zombie come into view. 2 mummies come into view.
You hit the hobgoblin zombie. You burn the hobgoblin zombie.
You destroy the hobgoblin zombie!
You hit the orc zombie. You burn the orc zombie.
The orc zombie is severely damaged.
The orc zombie barely misses you.
You barely miss the orc zombie.
The orc zombie is severely damaged.
The orc zombie hits you but does no damage.
You barely miss the orc zombie.
The orc zombie is severely damaged.
The orc zombie barely misses you.
You hit the orc zombie. You burn the orc zombie.
You destroy the orc zombie!
A kobold zombie comes into view.
You hit the mummy but do no damage. The mummy hits you!
You hit the mummy. You burn the mummy.
The mummy is lightly damaged.
The mummy hits you.
You barely miss the mummy.
The mummy is lightly damaged.
The mummy hits you!!
* * * LOW HITPOINT WARNING * * *
Okay, then.
Aiming: Paralyse
Press: ? - help, Shift-Dir - straight line, f - mummy
Aim: a mummy (chance to affect: 49%)
The mummy resists with some effort.
The mummy misses you. The mummy hits you!
You die...

#....#
#....#
#....#
#....#
#....#
#....#
#....#
#..MM#
#.∩∩@#
######


You could see 2 mummies.

Vanquished Creatures
  A necrophage (D:5)
  A water moccasin skeleton (D:3)
  A hound (D:4)
  2 orc priests
  An iguana (D:4)
  4 adders
  3 gnolls (D:3)
  A worm (D:2)
  4 dart slugs
  3 orcs
  7 endoplasms
  6 giant cockroaches
  A gnoll zombie (Ossuary)
  5 goblins
  9 hobgoblins
  7 jackals
  7 quokkas
  4 ball pythons
  4 bats
  4 frilled lizards
  4 hobgoblin zombies (Ossuary)
  5 kobolds
  2 orc zombies (Ossuary)
  A quokka skeleton (D:4)
  3 rats
90 creatures vanquished.

Notes
Turn   | Place    | Note
-------+----------+-------------------------------------------
     0 | D:1      | Shayle the Vampire Air Elementalist began the quest for the
                  | Orb.
     0 | D:1      | Reached XP level 1. HP: 13/13 MP: 3/3
   217 | D:1      | Reached skill level 4 in Stealth
   254 | D:1      | Found a faded altar of an unknown god.
   290 | D:1      | Reached XP level 2. HP: 19/19 MP: 0/5
   759 | D:1      | Reached skill level 5 in Stealth
  1209 | D:1      | Gained mutation: You are afflicted with vampirism and can
                  | become a bat while bloodless. [Vampire growth]
  1209 | D:1      | Reached XP level 3. HP: 23/24 MP: 4/6
  1635 | D:2      | Reached skill level 6 in Stealth
  2340 | D:2      | Reached XP level 4. HP: 30/30 MP: 2/7
  2575 | D:3      | Reached skill level 7 in Stealth
  2628 | D:3      | Reached skill level 8 in Stealth
  2780 | D:3      | Reached XP level 5. HP: 30/35 MP: 8/8
  2876 | D:3      | Reached skill level 9 in Stealth
  3760 | D:3      | Reached skill level 1 in Conjurations
  3826 | D:3      | Learned a level 2 spell: Static Discharge
  3831 | D:3      | Learned a level 4 spell: Airstrike
  3968 | D:3      | Found a shimmering blue altar of Sif Muna.
  4228 | D:4      | Reached XP level 6. HP: 30/41 MP: 3/9
  4316 | D:4      | Found a stormy altar of Qazlal.
  4632 | D:4      | Found a large runed translucent door.
  4633 | D:4      | Found a large runed translucent door.
  5181 | D:5      | Entered Level 5 of the Dungeon
  5189 | D:5      | Found a sand-covered staircase.
  5232 | Ossuary  | Entered an ossuary
  5397 | Ossuary  | Mangled by a mummy

Illustrated notes

Levels and vault maps discovered:
D:1:      scummos_arrival_star, layout_basic,
          hellmonk_ecumenical_altar_inner_sanctum
D:2:      layout_loops_ring
D:3:      layout_basic, nicolae_overflow_hidden_temple
D:4:      layout_gridville, nicolae_qazlal_scattered_showers,
          jmf_multi_god_temple2
D:5:      layout_cave_pools, temple_pool_b,
          nicolae_ossuary_entry_false_entrances
Ossuary:  ossuary_tomb_3

Skill      XL: |  1  2  3  4  5 |
---------------+----------------+-----
Stealth        | 4 5 6 8 9 |  9.0
Conjurations   | 1 |  1.7
Dodging        | |  2.1
Spellcasting   | |  2.9
Air Magic      | |  3.8

Action                   |  1- 3 |  4- 6 || total
-------------------------+-------+-------++-------
Melee: Unarmed           |    20 |       ||    20
       Bite              |     1 |    13 ||    14
       Whip              |    10 |   102 ||   112
       Punch             |       |     3 ||     3
 Cast: Shock             |    85 |    74 ||   159
Evoke: Wand              |       |     3 ||     3
  Use: Scroll            |       |     2 ||     2
       Potion            |       |     1 ||     1
 Stab: Sleeping          |     3 |     5 ||     8
       Distracted        |       |     1 ||     1
       Paralysed         |       |     1 ||     1
Armor: Robe              |     1 |    12 ||    13
Dodge: Dodged            |    32 |    85 ||   117

Table legend: (Time is in decaauts)
 A = Elapsed time spent in this place.
 B = Non-inter-level travel time spent in this place.
 C = Inter-level travel time spent in this place.
 D = Time resting spent in this place.
 E = Time spent auto-exploring this place.
 F = Levels seen in this place.
 G = Mean time per level.
                   A        B        C        D        E       F      G
               +--------+--------+--------+--------+--------+-----+--------+
         Total |   5414 |   5197 |    217 |   1021 |   2911 |   6 |  902.3 |
       Dungeon |   5247 |   5030 |    217 |   1011 |   2911 |   5 | 1049.4 |
       Ossuary |    166 |    166 |      0 |     10 |      0 |   1 |  166.0 |
               +--------+--------+--------+--------+--------+-----+--------+

Top non-repeatable levels by time:
     D:1: 1523 daAuts
     D:4: 1303 daAuts
     D:2: 1266 daAuts
     D:3: 1102 daAuts
 Ossuary: 166 daAuts
     D:5: 51 daAuts
